 Dungeon Crawl Stone Soup version 0.27.1-34-g3ba077fa99 (webtiles) character file.

Game seed: 11931248355263224495

386 Ironcache the Sneak (level 7, -1/50 HPs)
             Began as a Human Enchanter on Jan 25, 2022.
             Was a Believer of Jiyva.
             Slain by a black bear (3 damage)
             ... on level 5 of the Dungeon.
             The game lasted 00:14:31 (5351 turns).

Ironcache the Sneak (Human Enchanter)               Turns: 5351, Time: 00:14:32

Health: -1/50      AC:  3    Str: 10    XL:     7   Next: 6%
Magic:  7/11       EV: 12    Int: 23    God:    Jiyva [**....]
Gold:   72         SH:  0    Dex: 12    Spells: 9/12 levels left

rFire    . . .     SeeInvis .   a - +1 dagger
rCold    . . .     Faith    .   (no shield)
rNeg     . . .     Spirit   .   c - +0 leather armour
rPois    .         Reflect  .   (no helmet)
rElec    .         Harm     .   (no cloak)
rCorr    .         Rampage  .   (no gloves)
Will     .....                  (no boots)
Stlth    ++........             (no amulet)
HPRegen  0.16/turn              m - +6 ring of intelligence
MPRegen  0.12/turn              (no ring)

@: no status effects
A: no striking features
a: Renounce Religion, Request Jelly


You were on level 5 of the Dungeon.
You worshipped Jiyva.
Jiyva was pleased with you.
You visited 1 branch of the dungeon, and saw 5 of its levels.

You collected 72 gold pieces.

Inventory:

Hand Weapons
 a - a +1 dagger (weapon)
 b - a +3 short sword
Missiles
 g - 57 stones
Armour
 c - a +0 leather armour (worn)
 f - a +0 robe
 r - a +3 leather armour
Jewellery
 m - a +6 ring of intelligence (left hand)
Scrolls
 d - a scroll of identify {unknown}
 h - a scroll of fear {unknown}
 i - a scroll of amnesia {unknown}
 j - 2 scrolls of teleportation {unknown}
 o - a scroll of fog {unknown}
 p - 2 scrolls of enchant armour {unknown}
Potions
 e - a potion of magic {unknown}
 k - 3 potions of heal wounds {unknown}
 l - a potion of cancellation {unknown}
 n - a potion of curing {unknown}
 q - a potion of attraction {unknown}


   Skills:
 + Level 2.1 Fighting
 + Level 2.8 Short Blades
 + Level 3.3 Dodging
 + Level 4.2 Stealth
 + Level 3.1 Spellcasting
 + Level 4.1 Hexes


You had 9 spell levels left.
You knew the following spells:

 Your Spells              Type           Power      Damage    Failure   Level
a - Corona                Hex            24%        N/A       2%          1
b - Ensorcelled Hibernat  Hex/Ice        26%        N/A       10%         2

Your spell library contained the following spells:

 Spells                   Type           Power      Damage    Failure   Level
 Confusing Touch          Hex            22%        N/A       9%          3
 Tukima's Dance           Hex            22%        N/A       9%          3
 Dazzling Flash           Conj/Hex       26%        N/A       21%         3
 Cause Fear               Hex            11%        N/A       28%         4
 Dragon Form              Tmut           1%         N/A       100%        7
 Dragon's Call            Summ           1%         N/A       100%        9


Dungeon Overview and Level Annotations

Branches:
Dungeon (5/15)
 Temple: D:4-7

Altars:
Uskayaw
Jiyva


Message History

Found a spear.
Found a stone staircase leading down.
There is a stone staircase leading up here.
A black bear comes into view.
The black bear growls angrily.
a - a +1 dagger (weapon)
Casting: Ensorcelled Hibernation (safe; 10% risk of failure)
Confirm with . or Enter, or press ? or * to list all spells.
Aiming: Ensorcelled Hibernation (safe; 10% risk of failure)
Press: ? - help, Shift-Dir - straight line, f - black bear
Aim: a black bear (chance to affect: 44%)
The black bear resists with some effort.
The black bear bites you. The black bear barely misses you. x2
Casting: Ensorcelled Hibernation (safe; 10% risk of failure)
Confirm with . or Enter, or press ? or * to list all spells.
Aiming: Ensorcelled Hibernation (safe; 10% risk of failure)
Press: ? - help, Shift-Dir - straight line, f/p - black bear
Aim: a black bear (chance to affect: 44%)
The black bear looks drowsy...
The helpless black bear fails to defend itself.
You impale the black bear!!
The black bear is almost dead.
The black bear goes berserk!
You hit the black bear but do no damage.
The black bear is almost dead.
The black bear barely misses you. The black bear misses you.
The black bear claws you. The black bear bites you!
The black bear claws you but does no damage.
The black bear claws you.
You closely miss the black bear.
The black bear is almost dead.
The black bear bites you! The black bear barely misses you. x2
You completely miss the black bear.
The black bear is almost dead.
The black bear bites you!
* * * LOW HITPOINT WARNING * * *
The black bear closely misses you. The black bear completely misses you.
The black bear bites you!
* * * LOW HITPOINT WARNING * * *
The black bear claws you.
You die...

#########
###########.......#
..................#
..................#
...........@h.......
....................
#.....).............
#...................
#......<............
#...................
....................
##.................
..................


You could see a black bear (berserk).

Vanquished Creatures
  A necrophage (D:4)
  2 scorpions (D:4)
  A bullfrog skeleton (D:4)
  2 iguanas (D:3)
  A hound skeleton (D:4)
  2 gnolls (D:2)
  2 adders
  A worm (D:2)
  A dart slug (D:4)
  5 orcs (D:3)
  2 bats (D:1)
  2 endoplasms
  A giant cockroach (D:1)
  2 goblins (D:1)
  3 hobgoblins
  2 jackals
  2 quokkas
  7 ball pythons
  3 frilled lizards
  3 kobolds (D:1)
  4 rats (D:1)
49 creatures vanquished.

Vanquished Creatures (others)
  An ogre (D:4)
  A howler monkey (D:4)
  6 jellies
  3 adders
  A gnoll (D:2)
  A worm (D:3)
  A dart slug (D:2)
  An orc (D:4)
  2 endoplasms
  2 giant cockroaches
  A goblin (D:2)
  A hobgoblin (D:4)
  9 jackals (D:2)
  2 kobolds
  A quokka (D:2)
  3 ball pythons
  2 rats
  5 fungi (D:2)
  14 plants (D:2)
57 creatures vanquished.

Grand Total: 106 creatures vanquished

Notes
Turn   | Place    | Note
-------+----------+-------------------------------------------
     0 | D:1      | Ironcache the Human Enchanter began the quest for the Orb.
     0 | D:1      | Reached XP level 1. HP: 13/13 MP: 3/3
   278 | D:1      | Reached XP level 2. HP: 8/19 MP: 0/5
   619 | D:1      | Learned a level 2 spell: Ensorcelled Hibernation
  1205 | D:1      | Reached XP level 3. HP: 24/24 MP: 6/6
  1343 | D:2      | Found a faded altar of an unknown god.
  1351 | D:2      | Became a worshipper of Jiyva Joygoyf the Shapeless
  1351 | D:2      | Reached * piety under Jiyva
  1572 | D:2      | Reached XP level 4. HP: 4/30 MP: 3/7
  2264 | D:2      | Found a hide-covered altar of Uskayaw.
  2935 | D:3      | Reached ** piety under Jiyva
  3232 | D:3      | Reached skill level 1 in Fighting
  3232 | D:3      | Reached XP level 5. HP: 26/37 MP: 3/8
  3893 | D:4      | Reached XP level 6. HP: 24/43 MP: 1/10
  4116 | D:4      | Noticed a necrophage
  4143 | D:4      | Killed a necrophage
  4669 | D:4      | Noticed an ogre
  5094 | D:4      | Reached XP level 7. HP: 50/50 MP: 8/11
  5336 | D:5      | Entered Level 5 of the Dungeon
  5351 | D:5      | HP: 2/50 [black bear (9)]
  5351 | D:5      | Slain by a black bear

Illustrated notes

Levels and vault maps discovered:
D:1:      dpeg_arrival_shrine, layout_loops_ring
D:2:      layout_loops_ring, shapermc_ecumenical_altar_mp_ritualfount,
          basic_altar, kennysheep_nondescript
D:3:      layout_basic, minmay_misc_feat_diagonals
D:4:      layout_loops_cross, grunt_tough_drop
D:5:      layout_basic

Skill      XL: |  1  2  3  4  5  6 |
---------------+-------------------+-----
Fighting       | 1 2 |  2.1
Short Blades   | 2 |  2.8
Dodging        | 3 |  3.3
Stealth        | 4 |  4.2
Spellcasting   | 3 |  3.1
Hexes          | 4 |  4.1

Action                   |  1- 3 |  4- 6 |  7- 9 || total
-------------------------+-------+-------+-------++-------
Melee: Dagger            |    17 |     6 |     4 ||    27
       Short sword       |    43 |    57 |       ||   100
 Cast: Corona            |     7 |     5 |       ||    12
       Ensorcelled Hiber |    13 |    35 |     2 ||    50
 Stab: Sleeping          |    15 |    15 |     1 ||    31
Armor: Leather armour    |    19 |     9 |     1 ||    29
Dodge: Dodged            |    45 |    44 |     8 ||    97
